Map: Abyssal Reef LE

Players

Lambo - Winner!

  • Race: Zerg Zerg
  • Spawn Location: 11:00

MperorM

  • Race: Terran Terran
  • Spawn Location: 5:00

Event: WCS Valencia 2017

VOD

Have the link to the VOD?

Description

Time

  • Played on: July 13, 2017, 7:07 a.m.
  • Length: 9:44

All games in this series

Show
View Real Time Build Order
Export as new Build Order

Lambo Zerg - Winner!

Build Orders: Hatch First 

Get SALT Encoding   

  12  0:00  Drone  
  13  0:12  Overlord  
  13  0:18  Drone  
  14  0:30  Drone x2  
  14  0:34  Drone  
  17  0:52  Hatchery  
  17  0:54  Drone  
  17  0:58  Drone  
  18  1:08  Extractor  
  17  1:13  Spawning Pool  
  17  1:16  Drone  
  17  1:19  Drone  
  18  1:29  Drone  
  19  1:40  Overlord  
  19  1:50  Drone  
  20  2:00  Queen  
  20  2:01  Zergling x2  
  23  2:03  Queen  
  23  2:04  Zergling x2  
  26  2:12  Metabolic Boost  
  26  2:15  Drone x2  
  26  2:22  Drone  
  29  2:37  Hatchery  
  29  2:38  Drone  
  29  2:46  Queen  
  29  2:49  Drone  
  32  2:51  Drone  
  32  2:56  Overlord  
  33  2:59  Drone  
  33  3:01  Drone  
  35  3:07  Drone  
  36  3:16  Drone x3  
  36  3:17  Overlord  
  36  3:19  Drone x2  
  41  3:24  Queen  
  43  3:27  Drone  
  44  3:34  Overlord  
  44  3:40  Drone x2  
  46  3:41  Drone x2  
  46  3:46  Drone x3  
  50  3:51  Evolution Chamber, Drone x2  
  51  3:56  Drone x3  
  54  4:04  Queen  
  56  4:10  Drone  
  56  4:11  Extractor, Queen, Drone x2  
  56  4:14  Overlord  
  60  4:20  Zerg Ground Armor Level 1  
  60  4:23  Baneling Nest  
  60  4:24  Drone x2  
  60  4:25  Drone  
  60  4:27  Drone  
  60  4:29  Drone  
  60  4:30  Zergling x2  
  65  4:32  Overlord  
  65  4:35  Zergling x2  
  65  4:36  Zergling x4  
  68  4:41  Zergling x8  
  72  4:46  Evolution Chamber  
  72  4:48  Zergling x4  
  72  4:49  Overlord  
  72  4:51  Overlord  
  73  4:57  Overlord  
  73  4:59  Overlord  
  73  5:01  Queen  
  73  5:03  Overlord  
  73  5:04  Zergling x4  
  77  5:08  Baneling x8  
  77  5:10  Zergling x2  
  78  5:15  Baneling, Overlord  
  78  5:16  Overlord  
  78  5:21  Zergling x8  
  82  5:22  Overlord  
  82  5:26  Drone x2  
  82  5:28  Overlord  
  84  5:31  Overlord  
  80  5:38  Drone x6  
  80  5:42  Zerg Melee Weapons Level 1, Drone x2  
  82  5:55  Drone  
  83  5:58  Zergling x10  
  83  5:59  Hatchery  
  85  6:08  Lair, Drone x3  
  85  6:10  Extractor x2  
  86  6:13  Queen  
  86  6:17  Drone  
  86  6:18  Drone x2  
  91  6:19  Drone  
  91  6:20  Extractor, Drone x4  
  91  6:23  Extractor  
  94  6:27  Overlord  
  94  6:29  Overlord  
  94  6:31  Zergling x2  
  95  6:37  Overlord  
  95  6:38  Overlord x2  
  95  6:39  Pneumatized Carapace  
  95  6:43  Zergling x6  
  98  6:50  Zergling x6  
  98  6:51  Zergling x8  
  105  6:56  Baneling x9  
  105  6:57  Zergling x4  
  107  7:02  Overlord  
  107  7:03  Zergling x6  
  107  7:05  Overseer, Baneling x5  
  110  7:09  Centrifical Hooks  
  110  7:10  Zergling x4  
  110  7:12  Baneling x3  
  112  7:17  Zergling x4  
  112  7:18  Zergling x10  
  112  7:19  Baneling x6  
  119  7:23  Overseer  
  119  7:24  Zergling x2  
  119  7:27  Baneling x4  
  119  7:28  Zergling x6  
  123  7:36  Zergling x10  
  120  7:46  Hydralisk Den  
  120  7:47  Drone  
  120  7:49  Drone x6  
  126  7:53  Overlord  
  122  8:02  Zergling x2  
  122  8:03  Zergling x22  
  110  8:10  Zergling x2  
  110  8:11  Zergling x2  
  108  8:16  Muscular Augments  
  108  8:18  Zergling x8  
  111  8:21  Zergling x6  
  111  8:25  Hydralisk x4  
  111  8:26  Hydralisk  
  122  8:30  Hydralisk x2  
  122  8:34  Hydralisk  
  124  8:37  Zergling x2  
  124  8:38  Baneling x7  
  126  8:41  Zergling x4  
  126  8:42  Baneling x3  
  126  8:45  Zergling x2  
  126  8:46  Zergling x2  
  126  8:48  Baneling x2  
  130  8:49  Zergling x10  
  130  8:51  Overlord  
  130  8:52  Zergling x2  
  134  8:59  Zergling x2  
  134  9:00  Zergling x6  
  134  9:03  Hydralisk x3  
  134  9:04  Zergling x4  
  134  9:09  Hydralisk x2  
  138  9:10  Zergling x2  
  138  9:13  Hydralisk x2  
  140  9:20  Infestation Pit, Hydralisk x2  
  143  9:24  Drone x3  
  143  9:25  Drone  
Show
View Real Time Build Order
Export as new Build Order

MperorM Terran 

Build Orders: Reaper Expand, MMM Bio 

Get SALT Encoding   

  12  0:00  SCV  
  13  0:12  SCV  
  14  0:17  Supply Depot  
  14  0:24  SCV  
  15  0:38  SCV  
  15  0:39  Barracks  
  16  0:43  Refinery  
  16  0:50  SCV  
  17  1:02  SCV  
  18  1:15  SCV  
  19  1:26  Reaper  
  19  1:27  Orbital Command  
  20  1:44  Command Center  
  20  1:52  SCV  
  21  1:58  Barracks  
  21  2:01  Barracks Reactor  
  21  2:04  SCV  
  22  2:11  Supply Depot  
  22  2:16  SCV  
  23  2:23  Factory  
  23  2:29  Refinery  
  23  2:32  SCV  
  24  2:38  Marine x2  
  26  2:45  SCV  
  26  2:49  Barracks Tech Lab  
  27  2:56  Marine x2  
  27  2:57  SCV  
  30  2:59  Orbital Command  
  30  3:10  Stimpack  
  30  3:11  Marine  
  30  3:12  SCV  
  31  3:21  Marine, Starport  
  31  3:22  Marine  
  33  3:28  SCV x2  
  33  3:31  Marine  
  33  3:32  Factory Reactor  
  36  3:40  SCV  
  36  3:41  Supply Depot  
  36  3:43  SCV  
  36  3:47  Marine x2  
  38  3:49  Marine  
  38  3:52  SCV  
  38  3:55  SCV  
  41  4:04  SCV  
  41  4:05  Marine x2, Supply Depot  
  41  4:07  Marine  
  45  4:10  SCV  
  45  4:11  Medivac x2  
  45  4:16  Hellion  
  45  4:17  SCV  
  53  4:22  SCV  
  53  4:24  Supply Depot  
  54  4:27  Marine x3  
  57  4:31  Armory  
  57  4:33  SCV  
  57  4:34  SCV  
  59  4:45  SCV  
  60  4:46  SCV  
  60  4:47  Hellion  
  60  4:48  Hellion, Marine x2, Medivac  
  60  4:50  Marine  
  70  5:04  Command Center  
  70  5:09  Marine x3  
  70  5:10  SCV x2  
  70  5:11  Supply Depot  
  75  5:23  SCV  
  75  5:24  SCV  
  77  5:40  Marine x2  
  77  5:41  Marauder, Widow Mine x2  
  77  5:42  Viking  
  69  5:43  SCV  
  69  5:44  Engineering Bay x2  
  69  5:45  Barracks  
  69  5:48  SCV  
  71  5:53  Refinery  
  71  5:54  Refinery  
  71  5:55  SCV  
  71  6:00  SCV  
  72  6:04  Marine x2  
  72  6:05  Marauder, Combat Shields  
  72  6:08  SCV  
  72  6:09  Widow Mine  
  72  6:10  Widow Mine  
  81  6:15  Terran Infantry Weapons Level 1  
  81  6:18  Orbital Command  
  81  6:20  Terran Infantry Armor Level 1, SCV  
  81  6:23  SCV  
  81  6:25  Marine x2  
  85  6:33  SCV, Starport Reactor, Barracks Tech Lab  
  85  6:35  SCV, Supply Depot  
  87  6:42  Widow Mine x2  
  87  6:43  Marine  
  87  6:44  Marauder, Marine  
  87  6:45  SCV  
  87  6:47  SCV  
  97  6:48  Supply Depot  
  97  6:50  Supply Depot  
  97  6:54  Armory  
  97  6:55  SCV  
  97  6:57  SCV  
  97  6:59  Marauder  
  97  7:00  SCV  
  102  7:03  Marine x2, Supply Depot  
  104  7:09  SCV  
  104  7:10  Marauder  
  104  7:11  Medivac  
  104  7:13  Refinery  
  104  7:15  SCV, Supply Depot  
  110  7:16  Barracks  
  110  7:18  Supply Depot  
  110  7:21  Marauder  
  110  7:22  Widow Mine x2  
  114  7:23  SCV  
  114  7:26  SCV  
  114  7:27  Supply Depot  
  118  7:35  Marine  
  118  7:36  Marauder, Marine  
  113  7:42  SCV  
  113  7:43  Medivac  
  103  7:50  Marauder  
  103  7:51  Refinery  
  105  7:53  Command Center  
  103  8:00  Marine  
  103  8:01  SCV  
  83  8:12  Marine x4  
  62  8:19  Barracks  
  60  8:20  Command Center  
  60  8:21  Barracks  
  60  8:22  SCV  
  60  8:23  SCV  
  62  8:30  Marauder, Barracks  
  62  8:31  Marine x2  
  62  8:32  Marauder  
  65  8:34  SCV  
  65  8:35  SCV  
  65  8:40  Marine  
  67  8:41  Supply Depot  
  67  8:46  SCV  
  67  8:47  SCV  
  69  8:58  SCV  
  69  9:00  SCV, Marine x4  
  72  9:09  Widow Mine x2  
  66  9:10  Barracks Reactor  
  66  9:11  Barracks Reactor  
  66  9:12  SCV  
  66  9:13  Marine  
  59  9:18  Marine x2  
  59  9:20  Marine x3  
  59  9:24  SCV  
Tags
 
Add a new tag
Caveats
  • Supply blocks, unpowered buildings, or Contaminate may cause inaccurate times.
  • Supply counts are checked every 10 seconds.